 Dungeon Sprint DCSS version 0.21-a0-91-ga5031da (webtiles) character file.

8645 Kidiri the Grappler (level 11, -3/97 HPs)
             Began as a Red Draconian Transmuter on June 28, 2017.
             Was the Champion of Wu Jian.
             Slain by a wolf spider (10 damage)
             ... in the Dungeon (Sprint VII: "The Pits").
             The game lasted 00:10:21 (2103 turns).

Kidiri the Grappler (Red Draconian Transmuter)      Turns: 2103, Time: 00:10:21

Health: -3/97      AC:  7    Str: 12    XL:     11   Next: 12%
Magic:  19/23      EV: 19    Int: 14    God:    Wu Jian [******]
Gold:   15         SH:  0    Dex: 13    Spells: 11/26 levels left

rFire    + . .     SeeInvis .     - Unarmed
rCold    . . .     Gourm    .   (shield currently unavailable)
rNeg     . . .     Faith    .   (armour unavailable)
rPois    .         Spirit   .   (helmet restricted)
rElec    .         Reflect  .   (no cloak)
rCorr    .         Harm     .   (gloves currently unavailable)
MR       .....     NoTele   +   (no boots)
Stlth    ++........             (no amulet)
HPRegen  0.26/turn              (no ring)
MPRegen  0.18/turn              (no ring)

@: exhausted, blade hands, slowed, glowing, heavenly storm, very slow
A: breathe fire, unfitting armour, fangs 1, fire resistance 1, weak 1, wild
magic 1, cold-blooded, AC +7
a: Breathe Fire, End Transformation, Serpent's Lash, Heavenly Storm, Renounce
Religion


You were in the Dungeon.
You worshipped Wu Jian.
Wu Jian was exalted by your worship.
You were not hungry.
You had blades for hands.
You visited 1 branch You collected 15 gold pieces.

Inventory:

Missiles
 a - 25 arrows
Armour
 x - a +0 pair of gloves (melded)
Jewellery
 r - a +3 ring of protection
 s - a +3 ring of evasion
Wands
 e - a wand of acid (13/15)
Scrolls
 i - a scroll of blinking
 k - 3 scrolls of remove curse
 l - 5 scrolls of amnesia
 m - a scroll of summoning
Potions
 d - 7 potions of curing
 f - 2 potions of haste
 g - 5 potions of magic
 h - 3 potions of berserk rage
 j - 2 potions of invisibility
 t - a potion of might
 u - 2 potions of brilliance
 v - a potion of agility
 w - a potion of mutation
Books
 b - a book of Changes

   Spells                             Type                      Level
   a - Beastly Appendage              Transmutation                1
   b - Sticks to Snakes               Transmutation                2
   c - Spider Form                    Transmutation/Poison         3
   d - Ice Form                       Ice/Transmutation            4
   e - Blade Hands                    Transmutation                5
Comestibles
 c - 8 bread rations
 n - 30 fruits
 o - 7 meat rations


   Skills:
 + Level 9.5 Fighting
 * Level 11.0 Dodging
 + Level 8.5 Stealth
 * Level 12.2 Unarmed Combat
 + Level 8.1 Spellcasting
 * Level 12.0 Transmutations
 + Level 6.3 Ice Magic
 + Level 8.1 Poison Magic


You had 11 spell levels left.
You knew the following spells:

 Your Spells              Type           Power        Failure   Level  Hunger
a - Beastly Appendage     Tmut           ######       11%         1    None
b - Sticks to Snakes      Tmut           ######..     12%         2    None
c - Spider Form           Tmut/Pois      #####.....   19%         3    ##.....
d - Ice Form              Ice/Tmut       #####...     32%         4    ####...
e - Blade Hands           Tmut           ######....   32%         5    #####..


Dungeon Overview and Level Annotations

Branches:
Dungeon (1/1)

Altars:
Ashenzari
Cheibriados
Dithmenos
Elyvilon
Fedhas
Gozag
Hepliaklqana
Kikubaaqudgha
Makhleb
Nemelex Xobeh
Okawaru
Qazlal
Ru
Sif Muna
Trog
Uskayaw
Vehumet
Wu Jian
Xom
Yredelemnul
Zin
The Shining One
Beogh
Jiyva
Lugonu


Innate Abilities, Weirdness & Mutations

You can breathe blasts of fire.
Your fiery red scales are hard. (AC +7)
You cannot fit into any form of body armour.
Your flesh is heat resistant. (rF+)
You are cold-blooded and may be slowed by cold attacks.
You have very sharp teeth.
You are weak. (Str -2)
Your spells are a little harder to cast, but a little more powerful.


Message History

The Council accepts your kill.
You feel very sick. The wolf spider barely misses you.
The wolf spider bites you. The freezing wraith hits you!
The freezing wraith freezes you!
* * * LOW HITPOINT WARNING * * *
The freezing wraith hits you!
* * * LOW HITPOINT WARNING * * *
The freezing wraith drains your vigour!
You feel as though you will be slow longer.
The wolf spider closely misses you. The wolf spider misses you.
The freezing wraith barely misses you. The freezing wraith hits you.
* * * LOW HITPOINT WARNING * * *
The freezing wraith drains your vigour!
You feel as though you will be slow longer.
You feel better. The wolf spider misses you. The wolf spider bites you.
* * * LOW HITPOINT WARNING * * *
The wolf spider hits you!
* * * LOW HITPOINT WARNING * * *
The wolf spider bites you!
You die...

...+ ...# ...# ####
########## ##########
..+..+...###........#
.)+..+.....##§§§§§§#
.##..##.....##§§§§#
##)...###....#§W@§#
........###.###s§## #.#
..#..#...#....#5N#.....
).......)+....+§§§§..N..
..#..#...#....#§§#§...w.
........###.###§§##.#.#.
##....###....#....#.....
)##.)##.....##...s# ..#
..+.)+.....##...... ...


You could see a nagaraja, a wolf spider, a freezing wraith and an ufetubus.

Vanquished Creatures
  A two-headed ogre (D)
  Pikel (D)
  A phantasmal warrior (D)
  A wolf spider (D)
  A deep elf mage (D)
  Maurice (D)
  A red devil (D)
  A jumping spider (D)
  A guardian mummy (D)
  A hornet (D)
  2 tyrant leeches (D)
  5 blink frogs (D)
  A flying skull (D)
  An air elemental (D)
  3 redbacks (D)
  A wraith (D)
  A tarantella (D)
  5 yaks (D)
  A hungry ghost (D)
  4 vampire mosquitoes (D)
  An acid dragon (D)
  Duvessa (D)
  A water moccasin (D)
  2 floating eyes (D)
  Purgy (D)
  A necrophage (D)
  An eye of draining (D)
  4 slaves (D)
  A crocodile (D)
  A centaur (D)
  A bullfrog (D)
  Dowan (D)
  2 gnoll sergeants (D)
  An iron imp (D)
  A hell rat (D)
  9 gnolls (D)
  2 adders (D)
  A white imp (D)
  An adder skeleton (D)
  An adder zombie (D)
  A worm (D)
  A bat skeleton (D)
  A bat zombie (D)
  6 jackals (D)
  A quokka (D)
  A ball python skeleton (D)
  A bat (D)
  A frilled lizard (D)
81 creatures vanquished.

Vanquished Creatures (others)
  A necrophage (D)
1 creature vanquished.

Grand Total: 82 creatures vanquished

Notes
Turn   | Place    | Note
-------+----------+-------------------------------------------
     0 | D        | Kidiri the Draconian Transmuter began the quest for the Orb.
     0 | D        | Reached XP level 1. HP: 16/16 MP: 3/3
    61 | D        | Found a bloodstained altar of Trog.
    61 | D        | Found a deep blue altar of Sif Muna.
    61 | D        | Found a viscous altar of Jiyva.
    61 | D        | Found a hazy altar of Hepliaklqana.
    61 | D        | Found an opulent altar of Gozag.
    62 | D        | Found a glowing golden altar of the Shining One.
    62 | D        | Found a glowing silver altar of Zin.
    62 | D        | Found a basalt altar of Yredelemnul.
    62 | D        | Found a shimmering altar of Xom.
    62 | D        | Found an ornate altar of the Wu Jian Council.
    62 | D        | Found a sacrificial altar of Ru.
    62 | D        | Found a stormy altar of Qazlal.
    62 | D        | Found an iron altar of Okawaru.
    62 | D        | Found a sparkling altar of Nemelex Xobeh.
    62 | D        | Found a burning altar of Makhleb.
    62 | D        | Found a blossoming altar of Fedhas.
    62 | D        | Found a white marble altar of Elyvilon.
    62 | D        | Found a shadowy altar of Dithmenos.
    62 | D        | Found a snail-covered altar of Cheibriados.
    64 | D        | Found a radiant altar of Vehumet.
    64 | D        | Found a corrupted altar of Lugonu.
    64 | D        | Found a roughly hewn altar of Beogh.
    65 | D        | Found a hide-covered altar of Uskayaw.
    65 | D        | Found an ancient bone altar of Kikubaaqudgha.
    65 | D        | Found a shattered altar of Ashenzari.
    71 | D        | Became a worshipper of the Wu Jian Council
    99 | D        | Noticed a floating eye
   102 | D        | Paralysed by a floating eye for 3 turns
   111 | D        | Paralysed by a floating eye for 2 turns
   115 | D        | Paralysed by a floating eye for 3 turns
   119 | D        | Reached * piety under Wu Jian
   125 | D        | Paralysed by a floating eye for 2 turns
   128 | D        | Killed a floating eye
   128 | D        | Reached skill level 5 in Unarmed Combat
   128 | D        | Reached XP level 2. HP: 15/26 MP: 4/6
   128 | D        | Reached XP level 3. HP: 18/31 MP: 4/7
   128 | D        | Reached XP level 4. HP: 22/38 MP: 5/9
   138 | D        | Learned a level 2 spell: Sticks to Snakes
   142 | D        | Learned a level 3 spell: Spider Form
   317 | D        | Reached ** piety under Wu Jian
   322 | D        | Noticed a water moccasin
   329 | D        | Reached skill level 1 in Poison Magic
   339 | D        | Killed a water moccasin
   339 | D        | Reached *** piety under Wu Jian
   339 | D        | Reached skill level 5 in Dodging
   339 | D        | Reached skill level 5 in Transmutations
   339 | D        | Reached XP level 5. HP: 18/47 MP: 6/11
   410 | D        | Learned a level 4 spell: Ice Form
   572 | D        | Noticed a slave
   572 | D        | Noticed a slave
   572 | D        | Noticed a slave
   573 | D        | Noticed a slave
   573 | D        | Noticed a necrophage
   574 | D        | Noticed a floating eye
   574 | D        | Noticed Pikel
   575 | D        | Noticed Purgy
   579 | D        | Killed a slave
   580 | D        | Paralysed by a floating eye for 4 turns
   592 | D        | Paralysed by a floating eye for 2 turns
   594 | D        | Killed a slave
   595 | D        | Killed a floating eye
   595 | D        | Reached skill level 1 in Ice Magic
   595 | D        | Reached XP level 6. HP: 32/55 MP: 7/12
   611 | D        | Killed Pikel
   611 | D        | Reached **** piety under Wu Jian
   611 | D        | Reached skill level 5 in Fighting
   611 | D        | Reached skill level 5 in Stealth
   611 | D        | Reached skill level 5 in Spellcasting
   611 | D        | Your scales start taking on a fiery red colour.
   611 | D        | Reached XP level 7. HP: 50/62 MP: 9/14
   611 | D        | Gained mutation: Your flesh is heat resistant. (rF+) [Red Draconian growth]
   620 | D        | Killed Purgy
   663 | D        | Learned a level 5 spell: Blade Hands
   702 | D        | Noticed a guardian mummy
   703 | D        | Killed a guardian mummy
   703 | D        | Reached ***** piety under Wu Jian
   703 | D        | Reached XP level 8. HP: 71/71 MP: 9/16
   752 | D        | Noticed a two-headed ogre
   759 | D        | Killed a two-headed ogre
   759 | D        | Reached skill level 5 in Poison Magic
   759 | D        | Reached XP level 9. HP: 34/79 MP: 12/18
   954 | D        | Gained mutation: Your spells are a little harder to cast, but a little more powerful. [potion of mutation]
   954 | D        | Gained mutation: You are weak. (Str -2) [potion of mutation]
   954 | D        | Gained mutation: You have very sharp teeth. [potion of mutation]
  1075 | D        | Reached skill level 10 in Unarmed Combat
  1196 | D        | Noticed a phantasmal warrior
  1198 | D        | Noticed a red devil
  1199 | D        | Noticed a tyrant leech
  1199 | D        | Noticed a wolf spider
  1202 | D        | Reached skill level 10 in Transmutations
  1202 | D        | Killed a phantasmal warrior
  1207 | D        | Killed a wolf spider
  1207 | D        | Reached skill level 5 in Ice Magic
  1207 | D        | Reached XP level 10. HP: 43/89 MP: 14/20
  1214 | D        | Reached ****** piety under Wu Jian
  1214 | D        | Reached skill level 10 in Dodging
  1267 | D        | Noticed Duvessa
  1271 | D        | Noticed Dowan
  1278 | D        | Killed Duvessa
  1288 | D        | Killed Dowan
  1297 | D        | HP: 4/108 [blink frog (17)]
  1310 | D        | HP: 1/108 [blink frog (14)]
  1518 | D        | Noticed a deep elf mage
  1520 | D        | Killed a deep elf mage
  1877 | D        | Noticed Maurice
  1879 | D        | Killed Maurice
  1883 | D        | Reached XP level 11. HP: 43/97 MP: 17/22
  2092 | D        | Noticed a wolf spider
  2098 | D        | Noticed a nagaraja
  2103 | D        | Slain by a wolf spider

Vault maps used:
D:        pitsprint

Skill      XL: |  1  2  3  4  5  6  7  8  9 10 11 |
---------------+----------------------------------+-----
Dodging        | 4 5 7 8 9 10 11 | 11.0
Fighting       | 3 4 5 6 7 8 9 |  9.5
Stealth        | 2 3 4 5 6 7 8 |  8.5
Unarmed Combat | 5 6 8 9 10 12 | 12.2
Spellcasting   | 3 4 5 6 7 8 |  8.1
Transmutations | 4 5 6 7 8 9 10 11 12 | 12.0
Poison Magic   | 2 4 5 6 7 8 |  8.1
Ice Magic      | 1 2 3 5 6 |  6.3

Action                   |  1- 3 |  4- 6 |  7- 9 | 10-12 || total
-------------------------+-------+-------+-------+-------++-------
Melee: Unarmed           |    34 |    45 |    64 |   104 ||   247
       Tailslap          |     2 |     1 |     3 |     6 ||    12
       Headbutt          |     2 |       |       |       ||     2
       Kick              |     1 |       |       |       ||     1
       Bite              |       |       |     1 |     4 ||     5
       Punch             |       |       |       |     2 ||     2
 Cast: Beastly Appendage |     3 |       |       |       ||     3
       Spider Form       |       |     4 |       |       ||     4
       Blade Hands       |       |       |     4 |     7 ||    11
       Ice Form          |       |       |     1 |     1 ||     2
Invok: Heavenly Storm    |       |       |     2 |     2 ||     4
       Serpent's Lash    |       |       |     1 |     5 ||     6
 Abil: Breathe Fire      |       |       |     1 |       ||     1
  Use: Potion            |       |     2 |     1 |     5 ||     8
 Stab: Sleeping          |       |     1 |     2 |     1 ||     4
       Distracted        |       |       |     1 |       ||     1
  Eat: Chunk             |       |       |     3 |       ||     3
       Fruit             |       |       |    10 |       ||    10
Armor: Skin              |    13 |    10 |     6 |    12 ||    41
Dodge: Dodged            |    18 |    39 |    34 |    59 ||   150
